 Dungeon Crawl Stone Soup version 0.23-a0-356-g1757c6e039 (webtiles) character file.

7485 Napalmbreeze the Magus (level 10, -10/80 HPs)
             Began as a Demonspawn Artificer on Oct 22, 2018.
             Was an Elder of Nemelex Xobeh.
             Mangled by a harpy (12 damage)
             ... on level 10 of the Dungeon.
             The game lasted 00:45:24 (10242 turns).

Napalmbreeze the Magus (Demonspawn Artificer)      Turns: 10242, Time: 00:45:24

Health: -10/80     AC: 12    Str: 19    XL:     10   Next: 94%
Magic:  18/18      EV: 11    Int: 14    God:    Nemelex Xobeh [****..]
Gold:   131        SH:  5    Dex: 16    Spells: 9/9 levels left

rFire    . . .     SeeInvis .   u - +2 short sword (elec)
rCold    + . .     Gourm    .   x - +0 buckler
rNeg     . . .     Faith    +   S - +1 scale mail of the Harvest {*Contam MR+++ Regen+ Dex+2}
rPois    .         Spirit   .   h - +0 helmet
rElec    .         Reflect  .   b - +0 cloak
rCorr    .         Harm     .   w - +0 pair of gloves
MR       +++..                  (boots unavailable)
Stlth    ..........             v - amulet of faith
HPRegen  0.63/turn              i - ring of protection from cold
MPRegen  0.16/turn              (no ring)

@: mighty
A: talons 3, powered by pain 2
a: Triple Draw, Deal Four, Renounce Religion


You were on level 10 of the Dungeon.
You worshipped Nemelex Xobeh.
Nemelex Xobeh was greatly pleased with you.
You were not hungry.

You visited 2 branches of the dungeon, and saw 11 of its levels.

You collected 466 gold pieces.
You spent 335 gold pieces at shops.

Inventory:

Hand Weapons
 u - a +2 short sword of electrocution (weapon)
 F - a +0 shortbow of freezing
 H - a +2 dagger of venom
Missiles
 m - 181 arrows
Armour
 b - a +0 cloak (worn)
 h - a +0 helmet (worn)
 w - a +0 pair of gloves (worn)
 x - a +0 buckler (worn)
 R - a +1 leather armour of poison resistance
 S - the +1 scale mail of the Harvest (worn) {*Contam MR+++ Regen+ Dex+2}
   (You bought it in a shop on level 9 of the Dungeon)

   It affects your dexterity (+2).
   It affects your resistance to hostile enchantments.
   It causes magical contamination when unequipped.
   It increases your rate of regeneration.
Jewellery
 i - a ring of protection from cold (left hand)
 v - an amulet of faith (around neck)
 P - an uncursed ring of fire {unknown}
 Q - a +1 ring of protection {unknown}
Wands
 c - a wand of flame (1)
 d - a wand of enslavement (12)
 e - a wand of random effects (1)
 I - a wand of iceblast (7)
 J - a wand of polymorph (12)
 M - a wand of digging (13)
Scrolls
 a - 4 scrolls of amnesia
 g - 7 scrolls of identify
 j - 6 scrolls of remove curse
 k - 2 scrolls of holy word {unknown}
 n - 3 scrolls of teleportation {unknown}
 o - 2 scrolls of enchant armour {unknown}
 p - a scroll of fear {unknown}
 s - a scroll of fog {unknown}
 K - a scroll of random uselessness {unknown}
 L - a scroll of noise {unknown}
 O - a scroll of blinking {unknown}
Potions
 l - 2 potions of curing {unknown}
 q - 3 potions of might {unknown}
 r - a potion of ambrosia {unknown}
 z - 2 potions of brilliance {unknown}
 A - 2 potions of heal wounds
 B - 2 potions of lignification {unknown}
 D - a potion of mutation {unknown}
 G - 3 potions of haste {unknown}
 N - a potion of flight {unknown}
Miscellaneous
 C - a plain deck of escape {drawn: 1}
 E - a plain deck of summoning
Comestibles
 f - 21 rations
 T - 3 chunks of flesh


   Skills:
 + Level 7.7 Fighting
 + Level 6.9 Short Blades
   Level 0.5 Polearms
 + Level 6.8 Armour
 - Level 2.3 Dodging
 - Level 0.8 Stealth
 + Level 2.4 Shields
 * Level 11.8 Invocations
 - Level 4.8 Evocations


You had 9 spell levels left.
You didn't know any spells.
Your spell library contained the following spells:

 Spells                   Type           Power        Failure   Level  Hunger
 Apportation              Tloc           #.....       67%         1    ##.....
 Confusing Touch          Hex            #.....       67%         1    ##.....
 Corona                   Hex            #......      67%         1    ##.....
 Freeze                   Ice            #...         67%         1    ##.....
 Magic Dart               Conj           #...         67%         1    ##.....
 Sting                    Conj/Pois      #...         67%         1    ##.....
 Summon Butterflies       Summ           #.......     67%         1    ##.....
 Blink                    Tloc           N/A          82%         2    ###....
 Call Imp                 Summ           #.......     82%         2    ###....
 Ensorcelled Hibernation  Hex/Ice        #.....       82%         2    ###....
 Poisonous Vapours        Pois/Air       #.....       82%         2    ###....
 Slow                     Hex            #.......     82%         2    ###....
 Throw Frost              Conj/Ice       #.....       82%         2    ###....
 Confuse                  Hex            #.......     96%         3    ####...
 Conjure Flame            Conj/Fire      #.......     96%         3    ####...
 Dazzling Spray           Conj/Hex       #.....       96%         3    ####...
 Gell's Gravitas          Tloc           #.........   96%         3    ####...
 Lesser Beckoning         Tloc           #.........   96%         3    ####...
 Mephitic Cloud           Conj/Pois/Air  #.......     96%         3    ####...
 Ozocubu's Armour         Chrm/Ice       #.......     96%         3    ####...
 Tukima's Dance           Hex            #.......     96%         3    ####...
 Olgreb's Toxic Radiance  Pois           #.......     100%        4    #####..
 Petrify                  Tmut/Erth      #.......     100%        4    #####..
 Summon Ice Beast         Ice/Summ       #.......     100%        4    #####..
 Throw Icicle             Conj/Ice       #.......     100%        4    #####..
 Alistair's Intoxication  Tmut/Pois      #.......     100%        5    ######.
 Metabolic Englaciation   Hex/Ice        #.........   100%        5    ######.
 Venom Bolt               Conj/Pois      #.........   100%        5    ######.
 Yara's Violent Unravell  Hex/Tmut       #.........   100%        5    ######.
 Freezing Cloud           Conj/Ice/Air   #.........   100%        6    #######
 Invisibility             Hex            #.......     100%        6    #######
 Ring of Flames           Chrm/Fire      #.........   100%        7    #######


Dungeon Overview and Level Annotations

Branches:
Dungeon (10/15)            Temple (1/1) D:4            Lair (0/6) D:9
    Orc (0/2) D:10

Altars:
Ashenzari
Cheibriados
Elyvilon
Fedhas
Gozag
Hepliaklqana
Kikubaaqudgha
Makhleb
Nemelex Xobeh
Okawaru
Qazlal
Ru
Sif Muna
Trog
Uskayaw
Vehumet
Wu Jian
Xom
Yredelemnul
Zin
The Shining One

Shops:
D:4 %   D:9 [


Innate Abilities, Weirdness & Mutations

You have claws for feet.
You sometimes gain power by taking damage.


Message History

* * * LOW HITPOINT WARNING * * *
Evoke which item? (* to show all) (? for menu, Esc to quit)
Aiming: Enslavement
Press: ? - help, Shift-Dir - straight line, f/p - harpy
Aim: a harpy (moderately wounded, chance to defeat MR: 61%) Really fire in your ally Napalmbreeze's illusion's direction?
Okay, then.
Evoke which item? (* to show all) (? for menu, Esc to quit)
Aiming: Enslavement
Press: ? - help, Shift-Dir - straight line, f/p - harpy
Aim: a harpy (moderately wounded, chance to defeat MR: 61%)
Okay, then.
Evoke which item? (* to show all) (? for menu, Esc to quit)
Aiming: Iceblast
Press: ? - help, Shift-Dir - straight line, p - harpy The mass of ice explodes!
The iceblast engulfs the harpy.
The harpy is almost dead.
The harpy claws you!
You die...
Your body glows with a rainbow of weird colours and disappears.

#.........#.# ##..##.#
#........[..######.##.#
#######........# #.)..#
#........# ###...
#........# ####..
#..<.....###.....
#>...............
##########.#....#..
#.@.'..# #.#....#..
#.H@#..# #.#....#..
#...# .|:##########
#...# )[# #...######
#........##########
#........#.........
#........#.########
########'#.#


You could see a harpy and the friendly Napalmbreeze's illusion.

Vanquished Creatures
  A two-headed ogre (D:9)
  A deep troll earth mage (D:10)
  A komodo dragon (D:9)
  Grinder (D:4)
  3 hippogriffs
  2 hungry ghosts (D:9)
  An eye of draining (D:10)
  3 orc warriors
  2 sky beasts
  4 ogres
  A tengu (D:4)
  3 centaurs
  2 crocodiles
  5 bullfrogs
  2 big kobolds
  A wyvern skeleton (D:8)
  3 scorpions
  5 wights (D:10)
  A killer bee (Temple)
  2 howler monkeys
  A centaur zombie (D:5)
  2 crimson imps
  2 bullfrog zombies
  8 hounds
  5 jellies
  An orc priest (Temple)
  3 centaur skeletons
  A bullfrog skeleton (D:8)
  3 iguanas
  Terence (D:3)
  4 orc wizards
  Natasha (thrice) (D:3)
  8 worker ants
  A hound skeleton (D:8)
  A hound zombie (D:8)
  7 gnolls
  9 adders
  3 shadow imps
  2 oozes
  An adder skeleton (D:9)
  3 worms
  3 dart slugs
  5 leopard geckos
  18 orcs
  11 bats
  5 giant cockroaches
  11 goblins
  12 hobgoblins
  5 jackals
  14 kobolds
  4 quokkas
  A ball python skeleton (D:5)
  A frilled lizard (D:1)
  A quokka zombie (D:8)
  24 rats
228 creatures vanquished.

Vanquished Creatures (collateral kills)
  Erolcha (D:10)
  A centaur warrior (D:10)
  Prince Ribbit (D:7)
  2 trolls (D:10)
  Sigmund (D:4)
  An orc warrior (D:7)
  A bullfrog (D:9)
  2 howler monkeys (D:9)
  A bullfrog skeleton (D:4)
  A hound (D:9)
  2 orc priests
  2 iguanas (D:9)
  3 orc wizards
  Robin (D:4)
  An adder (D:9)
  A leopard gecko (D:9)
  6 orcs
  4 goblins (D:4)
  A jackal (D:10)
  A quokka (D:4)
  A quokka skeleton (D:6)
35 creatures vanquished.

Vanquished Creatures (others)
  A giant cockroach (D:4)
  A plant (D:9)
2 creatures vanquished.

Grand Total: 265 creatures vanquished

Notes
Turn   | Place    | Note
-------+----------+-------------------------------------------
     0 | D:1      | Napalmbreeze the Demonspawn Artificer began the quest for
                  | the Orb.
     0 | D:1      | Reached XP level 1. HP: 15/15 MP: 3/3
    10 | D:1      | Reached skill level 1 in Short Blades
   248 | D:1      | Gained mutation: You have sharp toenails. [demonic
                  | ancestry]
   248 | D:1      | Reached XP level 2. HP: 7/21 MP: 4/4
   883 | D:1      | Found a shadowy altar of Dithmenos.
   885 | D:1      | Found a shimmering altar of Xom.
   885 | D:1      | Found a hide-covered altar of Uskayaw.
   896 | D:1      | Found a hazy altar of Hepliaklqana.
   896 | D:1      | Found a shattered altar of Ashenzari.
   896 | D:1      | Found a glowing silver altar of Zin.
  1262 | D:1      | Reached XP level 3. HP: 18/26 MP: 5/5
  1441 | D:1      | Reached skill level 1 in Armour
  2147 | D:2      | Reached XP level 4. HP: 27/33 MP: 6/6
  3431 | D:3      | Noticed Natasha
  3443 | D:3      | Killed Natasha
  3443 | D:3      | Gained mutation: You have razor-sharp toenails. [demonic
                  | ancestry]
  3443 | D:3      | Reached XP level 5. HP: 25/39 MP: 7/7
  3587 | D:3      | Noticed Terence
  3594 | D:3      | Killed Terence
  3625 | D:3      | Noticed Natasha
  3633 | D:3      | Killed Natasha
  3830 | D:3      | Noticed Natasha
  3835 | D:3      | Killed Natasha
  3866 | D:4      | Gained mutation: You have claws for feet. [demonic
                  | ancestry]
  3866 | D:4      | Reached XP level 6. HP: 38/47 MP: 7/9
  3922 | D:4      | Noticed Grinder
  3923 | D:4      | Found a staircase to the Ecumenical Temple.
  3938 | D:4      | Killed Grinder
  3938 | D:4      | Gained mutation: You sometimes gain a little power by
                  | taking damage. [demonic ancestry]
  3938 | D:4      | Reached XP level 7. HP: 52/52 MP: 10/10
  3965 | Temple   | Entered the Ecumenical Temple
  3999 | Temple   | Became a worshipper of Nemelex Xobeh the Trickster
  4053 | Temple   | Received a gift from Nemelex Xobeh
  4197 | D:4      | Noticed a steam dragon
  4197 | D:4      | an ogre changed into a steam dragon
  4200 | Temple   | Reached skill level 1 in Invocations
  4392 | D:4      | a steam dragon changed into a tengu
  4398 | D:4      | Reached skill level 2 in Invocations
  4419 | D:4      | Noticed Sigmund
  4424 | D:4      | Killed Sigmund
  4442 | D:4      | Reached skill level 3 in Invocations
  4467 | D:4      | Found a hazy altar of Hepliaklqana.
  4469 | D:4      | Found Cupnats's Food Shop.
  4525 | D:4      | You fall through a shaft for 3 floors!
  4553 | D:6      | Received a gift from Nemelex Xobeh
  4570 | D:6      | Gained mutation: You sometimes gain power by taking damage.
                  | [demonic ancestry]
  4570 | D:6      | Reached XP level 8. HP: 57/61 MP: 11/11
  4585 | D:5      | Entered Level 5 of the Dungeon
  4637 | D:5      | Reached * piety under Nemelex Xobeh
  4812 | D:4      | Noticed Robin
  4826 | D:4      | Killed Robin
  4951 | D:5      | Received a gift from Nemelex Xobeh
  5029 | D:5      | Reached skill level 4 in Invocations
  5561 | D:6      | Found a bloodstained altar of Trog.
  5565 | D:6      | Found a snail-covered altar of Cheibriados.
  5629 | D:6      | Reached skill level 5 in Invocations
  5639 | D:6      | Reached ** piety under Nemelex Xobeh
  5646 | D:6      | Reached skill level 5 in Fighting
  5849 | D:6      | Noticed an ice devil
  6108 | D:6      | Received a gift from Nemelex Xobeh
  6151 | D:7      | Reached skill level 6 in Invocations
  6156 | D:7      | Got a scorched scythe
  6157 | D:7      | Identified the +2 scythe of Vyuxar {drain, *Drain *Slow
                  | Str+9 Stlth+} (You found it on level 7 of the Dungeon)
  6169 | D:7      | Noticed Prince Ribbit
  6185 | D:7      | Killed Prince Ribbit
  6272 | D:7      | Reached skill level 7 in Invocations
  6272 | D:7      | Reached XP level 9. HP: 27/68 MP: 14/14
  6865 | D:8      | Reached skill level 5 in Short Blades
  7151 | D:8      | Found a glowing golden altar of the Shining One.
  7409 | D:8      | Reached skill level 5 in Armour
  7603 | D:8      | Reached skill level 8 in Invocations
  7661 | D:8      | Reached *** piety under Nemelex Xobeh
  7994 | D:9      | Noticed a two-headed ogre
  8019 | D:9      | Killed a two-headed ogre
  8142 | D:9      | Reached skill level 9 in Invocations
  8255 | D:9      | Noticed a hand axe
  8256 | D:9      | Found a hide-covered altar of Uskayaw.
  8256 | D:9      | Noticed a dagger
  8595 | D:9      | Noticed a komodo dragon
  8603 | D:9      | Killed a komodo dragon
  8603 | D:9      | Reached XP level 10. HP: 43/77 MP: 17/17
  8604 | D:9      | Found a staircase to the Lair.
  8989 | D:9      | Reached skill level 10 in Invocations
  8998 | D:9      | Found Onuilec's Armour Shop.
  9047 | D:9      | Bought the +1 scale mail of the Harvest {*Contam MR+++
                  | Regen+ Dex+2} for 335 gold pieces
  9355 | D:10     | Entered Level 10 of the Dungeon
  9522 | D:10     | Received a gift from Nemelex Xobeh
  9547 | D:10     | Noticed Erolcha
  9554 | D:10     | Killed Erolcha
  9631 | D:10     | Found a staircase to the Orcish Mines.
  9640 | D:10     | Reached skill level 1 in Shields
  9646 | D:10     | Reached **** piety under Nemelex Xobeh
  9661 | D:10     | Reached skill level 11 in Invocations
 10043 | D:10     | Noticed a centaur warrior
 10075 | D:10     | Killed a centaur warrior
 10225 | D:10     | Noticed a deep troll earth mage
 10227 | D:10     | Noticed a harpy
 10239 | D:10     | Killed a deep troll earth mage
 10241 | D:10     | HP: 2/80 [harpy (7)]
 10242 | D:10     | Mangled by a harpy

Vault maps used:
D:1:      tarquinn_simple_flora_water_e, grunt_decor_mini_mirrors,
          doesnt_xom_only_xom
D:2:      first_ration, minmay_rat_hole
D:3:      uniq_natasha, uniq_terence
D:4:      lemuel_doored_altar, minmay_temple_entry_glass, serial_shops, shop,
          uniq_robin, uniq_grinder, uniq_sigmund
D:6:      nicolae_overflow_hidden_temple, minmay_misc_feat_ornament
D:7:      minmay_misc_feat_pillars, uniq_prince_ribbit1
D:8:      kennysheep_little_box, serial_glass, glass_columns_b, glass_columns_c,
          minmay_misc_feat_four_crosses
D:9:      dancing_weapons_uskayaw, david_lair_shrubbed, serial_shops, shop
D:10:     minmay_shrinking_squares, david_orc_3, uniq_erolcha
Temple:   nicolae_temple_elliptical

Skill      XL: |  1  2  3  4  5  6  7  8  9 10 |
---------------+-------------------------------+-----
Short Blades   | 1 2 3 4 6 |  6.9
Dodging        | 2 |  2.3
Armour         | 1 2 3 4 5 6 |  6.8
Fighting       | 2 3 4 5 6 7 |  7.7
Evocations     | 4 |  4.8
Invocations    | 3 7 9 11 | 11.8
Shields        | 2 |  2.4
Polearms       | |  0.5
Stealth        | |  0.8

Action                   |  1- 3 |  4- 6 |  7- 9 | 10-12 || total
-------------------------+-------+-------+-------+-------++-------
Melee: Short sword       |   141 |    97 |   276 |   171 ||   685
       Kick              |    16 |     4 |    97 |    64 ||   181
       Scythe            |       |       |    19 |       ||    19
       Dagger            |       |       |       |    41 ||    41
 Fire: Hunting sling     |       |    40 |       |       ||    40
       Shortbow          |       |       |     4 |       ||     4
Throw: Stone             |       |     5 |       |       ||     5
Evoke: Wand              |     2 |    12 |    11 |     8 ||    33
       Deck              |       |       |    12 |     9 ||    21
  Use: Scroll            |       |       |     3 |       ||     3
       Potion            |       |       |       |     2 ||     2
 Stab: Sleeping          |     2 |       |       |       ||     2
       Paralysed         |       |     1 |       |       ||     1
       Confused          |       |     2 |       |       ||     2
       Petrified         |       |       |     2 |     3 ||     5
  Eat: Chunk             |     4 |     6 |    17 |     8 ||    35
Armor: Leather armour    |    38 |     3 |       |       ||    41
       Chain mail        |       |    51 |   194 |    21 ||   266
       Scale mail        |       |       |       |    60 ||    60
Dodge: Dodged            |   109 |    34 |    96 |    62 ||   301
Block: Buckler           |       |       |       |    24 ||    24

Table legend:
 A = Non-vault XP
 B = Vault XP
 C = Vault XP percentage of total XP
 D = Non-vault monster count
 E = Vault monster count
 F = Vault count percentage of total count
                 A         B        C        D         E       F
            +---------+---------+-------+---------+---------+-------
      Total |    6908 |    3786 |  35.4 |     213 |      50 |  19.0
            +---------+---------+-------+---------+---------+-------
        D:1 |      60 |       0 |   0.0 |      25 |       0 |   0.0
        D:2 |      35 |      19 |  35.2 |      11 |      18 |  62.1
        D:3 |     125 |      72 |  36.5 |      24 |       3 |  11.1
        D:4 |     519 |     440 |  45.9 |      13 |      13 |  50.0
        D:5 |     223 |       0 |   0.0 |       6 |       0 |   0.0
        D:6 |     608 |       0 |   0.0 |      19 |       0 |   0.0
        D:7 |     470 |     265 |  36.1 |      18 |       1 |   5.3
        D:8 |     735 |       0 |   0.0 |      19 |       0 |   0.0
        D:9 |    2487 |     378 |  13.2 |      41 |       1 |   2.4
       D:10 |    1539 |    2612 |  62.9 |      33 |      14 |  29.8
     Temple |     107 |       0 |   0.0 |       4 |       0 |   0.0
            +---------+---------+-------+---------+---------+-------
